General information
- name: GRUDGE
- type: Custom game
- host: GOKUMoN69
- saver: GOKUMoN69
map: TerenasStand
- players: 7
- length: 11:36
- speed: Fast
- version: 1.21 W3XP
- replay type: Public
» download(43 KB)
Players
team 1 (winner)
Dexanth (
gray | 117 APM | 1355 actions | 11:35)
5 Dark Ranger
3 Black Arrow
2 Silence
4 Naga Sea Witch
2 Frost Arrows
2 Forked Lightning
» actions
| Assign group hotkey | 37 | |
| Basic commands | 21 | |
| Build / train | 49 | |
| Enter build submenu | 11 | |
| Enter hero's abilities submenu | 10 | |
| Give item / drop item | 2 | |
| Remove unit from queue | 2 | |
| Right click | 606 | |
| Select / deselect | 214 | |
| Select group hotkey | 368 | |
| Use ability | 35 | |
1355 total
» units
» upgrades
| Improved Bows | 1 | |
| Strength of the Moon | 2 | |
| Hippogryph Taming | 1 | |
4 total
» buildings
| Moon Well | 5 | |
| Ancient of War | 1 | |
| Altar of Elders | 1 | |
| Tree of Ages | 1 | |
| Hunter's Hall | 1 | |
| Ancient of Wind | 2 | |
| Ancient Protector | 1 | |
12 total
» build order
00:17 Moon Well
00:32 Ancient of War
00:39 Altar of Elders
01:07 Moon Well
03:09 Tree of Ages
04:13 Hunter's Hall
04:16 Moon Well
05:35 Ancient of Wind
05:35 Ancient of Wind
06:23 Ancient Protector
07:27 Moon Well
08:15 Moon Well
» items
team 2 (loser)
1st_Panzer_Div. (
purple | 86 APM | 1000 actions | 11:35)
2 Death Knight
1 Death Coil
1 Death Pact
1 Lich
1 Frost Nova
» actions
| Assign group hotkey | 82 | |
| Basic commands | 60 | |
| Build / train | 31 | |
| Enter build submenu | 22 | |
| Enter hero's abilities submenu | 3 | |
| Right click | 281 | |
| Select / deselect | 233 | |
| Select group hotkey | 252 | |
| Use ability | 36 | |
1000 total
» units
| Acolyte | 2 | |
| Ghoul | 4 | |
| Gargoyle | 2 | |
| Meatwagon | 3 | |
| Necromancer | 6 | |
| Obsidian Statue | 1 | |
18 total
» upgrades
| Skeletal Longevity | 1 | |
| Necromancer Training | 1 | |
| Exhume Corpses | 1 | |
| Unholy Strength | 1 | |
4 total
» buildings
| Crypt | 2 | |
| Ziggurat | 6 | |
| Altar of Darkness | 1 | |
| Nerubian Tower | 1 | |
| Halls of the Dead | 1 | |
| Graveyard | 1 | |
| Tomb of Relics | 1 | |
| Slaughterhouse | 1 | |
| Temple of the Damned | 1 | |
| Black Citadel | 1 | |
16 total
» build order
00:06 Crypt
00:11 Crypt
00:14 Ziggurat
00:40 Altar of Darkness
01:32 Nerubian Tower
02:34 Halls of the Dead
02:36 Graveyard
02:51 Tomb of Relics
03:06 Ziggurat
03:07 Ziggurat
04:09 Ziggurat
04:44 Ziggurat
05:02 Slaughterhouse
05:09 Temple of the Damned
05:48 Ziggurat
11:02 Black Citadel
» items
refereesGOKUMoN69,
3DGAYWORLD,
buly.kirb,
aZN.FRIEZa.007,
evil_pengoon Chat log
(00:16 / All) 1st_Panzer_Div.: ah hahaha
(00:22 / All) 1st_Panzer_Div.: I dunno
(00:23 / All) Dexanth: OMG LMAO GL HF NO MANNER
(00:25 / All) 1st_Panzer_Div.: but taht was funny
(00:27 / All) evil_pengoon: highper.ch is you source for all goon grudges all the time good luck and have fun to all players
(00:42 / All) 1st_Panzer_Div.: fuck replays
(00:44 / All) 1st_Panzer_Div.: .com
(00:45 / All) aZN.FRIEZa.007: This is being recorded by BaLzTV
(00:58 / All) 1st_Panzer_Div.: we're not good enough for satybalztv
(01:02 / All) GOKUMoN69: BaLz is for pres
(01:12 / All) 1st_Panzer_Div.: so McCain?
(01:17 / Referees) 3DGAYWORLD: no altar....
(01:18 / Referees) 3DGAYWORLD: hmmmm
(01:22 / All) aZN.FRIEZa.007: mccain's better than nothing
(01:28 / All) 1st_Panzer_Div.: I guess so
(01:31 / All) 3DGAYWORLD: at least mccain supports nuclear power
(01:31 / Referees) GOKUMoN69: no vent hmmmmmmmmmmmm gbs fm
(01:40 / All) 1st_Panzer_Div.: instead of black power
(01:41 / All) Dexanth: I SUPPORT MURDER
(01:48 / All) 1st_Panzer_Div.: oh dude are you running?
(01:52 / Referees) aZN.FRIEZa.007: watch postrave traxx@ www.youtube.com/postrave
(02:09 / All) 3DGAYWORLD: yo goku
(02:12 / All) 3DGAYWORLD: whyd you ban me from the channel
(02:18 / Referees) 3DGAYWORLD: i stopped talking
(02:20 / All) aZN.FRIEZa.007: you didn't answer his question
(02:26 / Referees) 3DGAYWORLD: what question
(02:32 / All) 1st_Panzer_Div.: oh man he's running
(02:54 / Referees) evil_pengoon: u mad
(02:56 / All) 1st_Panzer_Div.: dude I got your footies now
(02:57 / Referees) evil_pengoon: u mad?
(02:58 / Referees) evil_pengoon: u mad?
(03:01 / Referees) 3DGAYWORLD: yes
(03:01 / Referees) GOKUMoN69: u mad?
(03:05 / Referees) GOKUMoN69: I am mad
(03:06 / Referees) 3DGAYWORLD: goku srsly
(03:06 / Referees) evil_pengoon: somand wayfinder
(03:09 / Referees) 3DGAYWORLD: whyd you ban me
(03:14 / Referees) buly.kirb: dark ranger rules
(03:16 / Referees) GOKUMoN69: I like it when u stfu
(03:20 / All) 1st_Panzer_Div.: techer
(03:21 / Referees) buly.kirb: i wish i could use her more in towa games
(03:33 / Referees) GOKUMoN69: just got ne
(03:36 / Referees) GOKUMoN69: go*
(03:47 / Referees) 3DGAYWORLD: dex wins
(03:48 / Referees) 3DGAYWORLD: callin git
(04:04 / All) 1st_Panzer_Div.: nope too hurt
(04:14 / Referees) GOKUMoN69: welp
(04:19 / Referees) 3DGAYWORLD: this could be it folks
(04:25 / Referees) GOKUMoN69: we will see noobgayworld
(04:32 / Referees) 3DGAYWORLD: let me back on vent
(04:37 / Referees) 3DGAYWORLD: i want to nerd up the channel
(04:51 / Referees) 3DGAYWORLD: dark ranger owns so hard
(04:53 / Referees) 3DGAYWORLD: i need to use her more
(04:59 / Referees) aZN.FRIEZa.007: wot did she sell
(05:38 / Referees) 3DGAYWORLD: ahaha
(05:38 / Referees) evil_pengoon: lmbo
(05:39 / Referees) 3DGAYWORLD: tome of xp
(05:41 / Referees) 3DGAYWORLD: fucking owns
(05:45 / Referees) aZN.FRIEZa.007: it's awful
(05:53 / Referees) evil_pengoon: awfully good
(05:57 / All) 3DGAYWORLD: AHAHA
(06:01 / Referees) 3DGAYWORLD: robe of magi +6
(06:01 / All) 1st_Panzer_Div.: fuck you creep a lot
(06:02 / Referees) 3DGAYWORLD: holy shit
(06:03 / Referees) GOKUMoN69: tome xp sucks -clan balz
(06:08 / Referees) 3DGAYWORLD: jesus christ
(06:09 / Referees) 3DGAYWORLD: GG
(06:10 / Referees) buly.kirb: gargs vs archers ? wtf he needs to harass with gargs not fight the army
(06:12 / Referees) 3DGAYWORLD: that robe just broke the game
(06:24 / Referees) aZN.FRIEZa.007: clan balz slices all xp tomes
(06:25 / Referees) GOKUMoN69: *fartz*
(06:29 / Referees) 3DGAYWORLD: nagas mp is 420
(06:31 / Referees) 3DGAYWORLD: hell yeah bro
(06:36 / Referees) 3DGAYWORLD: *rolls a blunt*
(06:41 / Referees) aZN.FRIEZa.007: u probably dont even smoke weed
(06:46 / Referees) GOKUMoN69: nerd
(06:51 / Referees) 3DGAYWORLD: i once tired a marijuana cigarette
(06:56 / Referees) 3DGAYWORLD: it burned my throat
(07:00 / Referees) evil_pengoon: 420 smoke footmen hp everyday
(07:16 / Referees) GOKUMoN69: 420 3dgayworld is gay
(07:17 / Referees) 3DGAYWORLD: blizzard should make a unit with 420 hp
(07:20 / Referees) aZN.FRIEZa.007: there is
(07:22 / Referees) aZN.FRIEZa.007: a footman
(07:24 / All) 1st_Panzer_Div.: air alert
(07:24 / Referees) 3DGAYWORLD: every unit should have 420hp
(07:25 / Referees) buly.kirb: hes got a whole control group of minions, jesus
(07:32 / Referees) GOKUMoN69: so noob
(07:37 / Referees) 3DGAYWORLD: i could beat 1st panze
(07:38 / Referees) 3DGAYWORLD: i think
(07:40 / Referees) 3DGAYWORLD: christ
(07:46 / Referees) GOKUMoN69: nope
(07:49 / Referees) 3DGAYWORLD: farking gg
(07:51 / Referees) buly.kirb: he's gosu
(07:56 / Referees) 3DGAYWORLD: hes getting owned
(07:57 / Referees) aZN.FRIEZa.007: lvl 1 dk
(08:00 / Referees) aZN.FRIEZa.007: is this best 2 out of 3
(08:00 / Referees) 3DGAYWORLD: something harsh
(08:04 / Referees) GOKUMoN69: yes
(08:14 / All) 1st_Panzer_Div.: at least it's not turtle rock
(08:18 / All) 1st_Panzer_Div.: you could be level 6 by now
(08:37 / Referees) 3DGAYWORLD: level six via creeps?
(08:39 / All) buly.kirb: not unless he killed some of your stuff
(08:50 / All) 1st_Panzer_Div.: got a newb in the referees
(08:57 / Referees) 3DGAYWORLD: ....
(09:06 / All) 1st_Panzer_Div.: someone explain por favor
(09:10 / All) 3DGAYWORLD: "yeah so i just found this way to get to level six with only creeps*
(09:10 / All) Dexanth: Yes confused
(09:24 / All) 1st_Panzer_Div.: yea... hurray turtle rock
(09:34 / All) 1st_Panzer_Div.: for having like 4 potential tombs
(09:44 / All) GOKUMoN69: 3dgayworld banned from all goon grudges ™ -clan BaLz
(10:12 / Referees) evil_pengoon: come on
(10:15 / Referees) 3DGAYWORLD: gokuman
(10:16 / Referees) evil_pengoon: with these items
(10:18 / All) 1st_Panzer_Div.: air air air
(10:19 / Referees) 3DGAYWORLD: christ
(10:23 / Referees) GOKUMoN69: no manner bro
(10:27 / Referees) 3DGAYWORLD: i didnt say anything
(10:28 / Referees) aZN.FRIEZa.007: he hates ur posts man
(10:38 / Referees) 3DGAYWORLD: farking gg lich
(11:27 / All) 1st_Panzer_Div.: Shit I think I lost
(11:32 / All) 1st_Panzer_Div.: not expecting this first game
(11:33 / All) 1st_Panzer_Div.: gg